AoeStats
← unknxwwwn

Arena

510635336Analyzed
4v4 RM · 18h ago on Oct 1, 2026· 48m 47s· 8 players
Game mode
Random Map
Map size
Large (8 player)
Population
200
Speed
Normal
Resources
Standard
Victory
Conquest
Starting age
Dark Age
Ending age
Imperial Age
RankedLock teamsTeams togetherTeam positionsShared explorationLock speedFull tech treeHidden civsTurbo modeCheats
Victory
Defeat
🇷🇺 Celts · Russia
783
+17
🇦🇺 Varangians · Australia
758
+18
🇷🇺 Bulgarians · Russia
751
+19
🇵🇱 Britons · Poland
708
+20
🇨🇴 Bohemians · Colombia
872
-20
🇨🇷 Huns · Costa Rica
835
-20
🇲🇽 Cumans · Mexico
784
-18
🇫🇷 Franks · France
754
-16
ElBlack
11:44 Feudal Age
24:05 Castle Age
25:43 Double-Bit Axe
26:34 Bloodlines
26:36 Forging
26:32 Scale Barding Armor
26:17 Loom
28:20 Fletching
30:02 Bodkin Arrow
33:22 Imperial Age
33:07 Capped Ram
37:58 Man-at-Arms
38:38 Squires
40:43 Light Cavalry
41:45 Siege Ram
42:14 Long Swordsman
44:37 Two-Handed Swordsman
OnlyxOne
0:53 Loom
11:53 Feudal Age
12:20 Horse Collar
12:29 Double-Bit Axe
19:47 Castle Age
19:59 Wheelbarrow
22:08 Husbandry
24:04 Fletching
26:41 Hand Cart
29:36 Murder Holes
30:21 Heavy Plow
31:41 Bodkin Arrow
35:59 Town Watch
37:18 Ballistics
37:06 Scale Barding Armor
37:12 Forging
mojarra
12:58 Feudal Age
16:52 Castle Age
14:59 Double-Bit Axe
15:53 Horse Collar
24:23 Chemistry
25:17 Heavy Plow
27:57 Bow Saw
35:12 Wheelbarrow
39:00 Imperial Age
37:27 Ballistics
38:29 Hand Cart
38:24 Scale Barding Armor
38:19 Scale Mail Armor
38:33 Forging
39:11 Cavalier
42:30 Conscription
Rdal4
13:35 Feudal Age
22:26 Castle Age
21:14 Gold Mining
21:15 Stone Mining
23:22 Husbandry
25:18 Gold Shaft Mining
27:08 Double-Bit Axe
27:10 Town Watch
28:23 Town Patrol
35:54 Forging
35:44 Scale Mail Armor
35:52 Scale Barding Armor
39:16 Imperial Age
39:32 Fortified Wall
40:22 Conscription
39:32 Cavalier
41:10 Arrowslits
42:45 Wheelbarrow
43:00 Iron Casting
42:45 Chain Barding Armor
42:36 Paladin
47:54 Blast Furnace
47:30 Plate Barding Armor
unknxwwwn
12:38 Feudal Age
13:01 Horse Collar
13:08 Double-Bit Axe
13:57 Stone Mining
13:58 Gold Mining
19:54 Castle Age
19:36 Wheelbarrow
21:59 Bow Saw
21:51 Heavy Plow
22:50 Gold Shaft Mining
22:50 Stone Shaft Mining
24:41 Hand Cart
25:36 Murder Holes
30:29 Imperial Age
29:30 Scale Mail Armor
29:41 Forging
32:07 Conscription
33:56 Town Watch
33:56 Loom
35:10 Pikeman
35:36 Gambesons
35:36 Arson
36:06 Furor Celtica
35:16 Elite Woad Raider
36:32 Hoardings
36:46 Siege Engineers
37:00 Halberdier
39:29 Town Patrol
39:48 Chain Mail Armor
40:08 Iron Casting
39:42 Caravan
41:17 Heavy Scorpion
42:16 Onager
Knapcior
2:46 Loom
13:02 Feudal Age
13:23 Horse Collar
13:34 Double-Bit Axe
13:44 Gold Mining
13:45 Stone Mining
22:52 Castle Age
23:38 Heavy Plow
23:50 Bow Saw
24:20 Gold Shaft Mining
25:05 Pikeman
25:46 Squires
26:00 Forging
25:51 Scale Mail Armor
25:56 Padded Archer Armor
25:46 Fletching
30:14 Caravan
30:27 Murder Holes
31:38 Leather Archer Armor
31:38 Chain Mail Armor
32:38 Wheelbarrow
33:08 Fortified Wall
36:28 Imperial Age
33:47 Town Watch
34:26 Ballistics
35:41 Masonry
36:08 Coinage
36:15 Iron Casting
35:35 Bodkin Arrow
37:02 Hand Cart
36:48 Town Patrol
38:18 Two-Man Saw
38:21 Chemistry
38:22 Conscription
39:11 Blast Furnace
38:11 Bracer
38:42 Plate Mail Armor
38:57 Architecture
38:34 Siege Engineers
38:56 Elite Longbowman
40:17 Arrowslits
40:37 Bracer
41:20 Hoardings
42:00 Yeomen
41:39 Halberdier
43:42 Ring Archer Armor
43:50 Banking
46:42 Warwolf
Royce
11:20 Feudal Age
16:54 Castle Age
22:34 Wheelbarrow
24:20 Hand Cart
26:04 Forging
26:00 Scale Barding Armor
27:09 Stirrups
27:33 Gold Mining
27:30 Double-Bit Axe
27:27 Horse Collar
29:21 Iron Casting
33:18 Gold Shaft Mining
39:09 Chain Barding Armor
40:54 Husbandry
41:04 Bloodlines
42:41 Squires
42:26 Gambesons
42:27 Arson
42:02 Pikeman
42:51 Scale Mail Armor
BARRA.MONDAY
8:34 Loom
10:38 Feudal Age
17:06 Castle Age
21:48 Forging
24:55 Squires
24:41 Arson
24:49 Arson
31:38 Horse Collar
31:53 Gold Mining
35:05 Iron Casting
40:21 Imperial Age
39:08 Scale Barding Armor
40:29 Chain Barding Armor
40:04 Gambesons
40:46 Husbandry
40:56 Bloodlines
41:27 Conscription
43:35 Elite Jarl
46:12 Elite Varangian Guard
Connection lost

Rejoining the realm…

Still unreachable

The connection could not be restored.

Session expired

The server has moved on; the page needs a fresh start.